 Dungeon Crawl Stone Soup version 0.28.0 (webtiles) character file.

Game seed: 12799750141444847690

556034 SnakkuSnakku7 the Petrodigitator (level 25, -3/188 HPs)
             Began as a Palentonga Earth Elementalist on Feb 16, 2022.
             Was the Champion of Sif Muna.
             Shot with a bolt by a yaktaur captain (16 damage)
             ... on level 3 of the Vaults.
             The game lasted 02:35:33 (75600 turns).

SnakkuSnakku7 the Petrodigitator (PaEE)            Turns: 75600, Time: 02:35:34

Health: -3/188     AC: 38    Str: 26    XL:     25   Next: 20%
Magic:  27/45      EV:  9    Int: 36    God:    Sif Muna [******]
Gold:   4498       SH:  9    Dex: 16    Spells: 3/61 levels left

rFire   + . .      SeeInvis +   a - staff of earth
rCold   + . .      Faith    .   w - +3 buckler {AC+3}
rNeg    + + +      Spirit   .   c - +3 faerie dragon scales {rElec rN+ rCorr Str+6 Dex-3}
rPois   .          Reflect  .   u - +2 hat "Afig" {rN++ Str+3}
rElec   +          Harm     .   v - +1 cloak of Gravitas {Int+2}
rCorr   +          Rampage  .   E - +2 pair of gloves {Stlth+}
Will    ++...                   j - +6 lightning scales {swift, rElec}
Stlth   ++........              K - amulet of magic regeneration
HPRegen 0.41/turn               S - ring of Freedom {rF+ Str+6 Dex+8}
MPRegen 0.69/turn               F - +6 ring of intelligence

@: marked, curled up, quick
A: large, rugged brown scales 3, see invisible, deformed body, roll 3, armoured
tail, reflexive curl, stinger 1, talons 1, cold resistance 1, frail 1,
strong-willed 1
}: 3/15 runes: decaying, serpentine, iron
a: Rolling Charge, Renounce Religion, Channel Magic, Forget Spell, Divine
Exegesis


You were on level 3 of the Vaults.
You worshipped Sif Muna.
Sif Muna was exalted by your worship.
You visited 11 branches of the dungeon, and saw 50 of its levels.
You also visited: Trove, Ice Cave, Volcano and Wizlab.

You collected 8797 gold pieces.
You spent 4299 gold pieces at shops.

Inventory:

Missiles
 h - 6 curare-tipped darts
 N - 2 throwing nets
Armour
 c - the +3 faerie dragon scales (worn) {rElec rN+ rCorr Str+6 Dex-3}
   (You took it off the Enchantress on level 3 of the Depths)

   Str:       It affects your strength (+6).
   Dex:       It affects your dexterity (-3).
   rElec:     It insulates you from electricity.
   rN:        It protects you from negative energy.
   rCorr:     It protects you from acid and corrosion.
 j - the +6 lightning scales (worn) {swift, rElec}
   (You bought it in a shop on level 1 of the Orcish Mines)

   It allows the wearer to cover ground more swiftly.
   rElec:     It insulates you from electricity.
 u - the +2 hat "Afig" (worn) {rN++ Str+3}
   (You found it on level 2 of the Depths)

   Str:       It affects your strength (+3).
   rN:        It greatly protects you from negative energy.
 v - the +1 cloak of Gravitas (worn) {Int+2}
   (You bought it in a shop on level 2 of the Orcish Mines)

   Int:       It affects your intelligence (+2).
 w - a +3 buckler of protection (worn)
 E - a +2 pair of gloves of stealth (worn)
 L - the +5 ring mail of Heresy {SInv}
   (You found it on level 5 of the Lair of Beasts)

   SInv:      It lets you see invisible.
Magical Staves
 a - a staff of earth (weapon)
Jewellery
 g - the ring "Huejac" {rC+ MP+9 Dex+6 Slay+2}
   (You found it in an ice cave)

   [ring of dexterity]

   Dex:       It affects your dexterity (+6).
   Slay:      It affects your accuracy & damage with ranged weapons and melee
   (+2).
   rC:        It protects you from cold.
   MP:        It affects your magic capacity (+9).
 r - a ring of wizardry
 y - a ring of poison resistance
 F - a +6 ring of intelligence (right hand)
 I - a ring of fire
 K - an amulet of magic regeneration (around neck)
 S - the ring of Freedom (left hand) {rF+ Str+6 Dex+8}
   (You found it in a wizard's laboratory)

   [ring of strength]

   Str:       It affects your strength (+6).
   Dex:       It affects your dexterity (+8).
   rF:        It protects you from fire.
 Y - the ring of the Special Demons {Ice +Blink MP+9 Dex-4 SInv}
   (You found it in an ice cave)

   [ring of ice]

   It enhances your ice magic.
   Dex:       It affects your dexterity (-4).
   rF:        It makes you vulnerable to fire.
   rC:        It protects you from cold.
   MP:        It affects your magic capacity (+9).
   SInv:      It lets you see invisible.
   +Blink:    It lets you blink.
 Z - a ring of flight
Wands
 f - a wand of acid (12)
 i - a wand of iceblast (32)
 n - a wand of charming (38)
 C - a wand of flame (74)
 H - a wand of mindburst (13)
 J - a wand of digging (2)
 P - a wand of paralysis (25)
 T - a wand of polymorph (21)
Scrolls
 d - 3 scrolls of magic mapping
 m - 4 scrolls of vulnerability
 p - 2 scrolls of holy word
 q - 9 scrolls of immolation
 t - 2 scrolls of blinking
 x - 19 scrolls of teleportation
 z - 19 scrolls of identify
 G - 12 scrolls of fog
 R - a scroll of summoning
 U - 2 scrolls of fear
Potions
 b - 3 potions of mutation
 e - 12 potions of curing
 k - 2 potions of resistance
 l - 4 potions of magic
 o - 3 potions of attraction
 s - 4 potions of heal wounds
 A - a potion of ambrosia
 B - 9 potions of brilliance
 D - 3 potions of haste
 M - 4 potions of flight
 O - 5 potions of invisibility
 W - 3 potions of cancellation
Miscellaneous
 Q - a phantom mirror
 V - a lightning rod (4/4)
 X - a phial of floods


   Skills:
 - Level 15.0 Fighting
 - Level 3.9 Armour
 - Level 4.6 Dodging
 - Level 1.2 Stealth
 - Level 5.9 Shields
 - Level 18.6 Spellcasting
 - Level 15.0 Conjurations
 - Level 7.7 Necromancy
 - Level 1.0 Transmutations
 + Level 14.0 Fire Magic
 O Level 27 Earth Magic
 - Level 10.0 Invocations


You had 3 spell levels left.
You knew the following spells:

 Your Spells              Type           Power      Damage    Failure   Level
a - Lee's Rapid Deconstr  Erth           74%        3d34*     0%          5
b - Iron Shot             Conj/Erth      67%        9d12      1%          6
c - Borgnjor's Vile Clut  Necr/Erth      63%        N/A       1%          5
d - Spellforged Servitor  Conj/Summ      36%        N/A       50%         7
e - Blink                 Tloc           66%        N/A       2%          2
f - Fire Storm            Conj/Fire      47%        8d12      98%         9
g - Starburst             Conj/Fire      47%        6d13      1%          6
h - Death's Door          Necr           37%        N/A       100%        9
s - Shatter               Erth           74%        3d54*     2%          9

Your spell library contained the following spells:

 Spells                   Type           Power      Damage    Failure   Level
 Foxfire                  Conj/Fire      100%       2x1d9     0%          1
 Magic Dart               Conj           100%       1d8       0%          1
 Sandblast                Erth           100%       2d20      0%          1
 Passwall                 Tmut/Erth      96%        N/A       0%          2
 Scorch                   Fire           100%       2d10      0%          2
 Searing Ray              Conj           100%       2d8       0%          2
 Conjure Flame            Conj/Fire      95%        6-21      0%          3
 Stone Arrow              Conj/Erth      100%       3d13      0%          3
 Animate Skeleton         Necr           100%       N/A       1%          1
 Apportation              Tloc           66%        N/A       1%          1
 Beastly Appendage        Tmut           80%        N/A       1%          1
 Pain                     Necr           100%       1d9       1%          1
 Shock                    Conj/Air       100%       1d9       1%          1
 Slow                     Hex            100%       N/A       1%          1
 Sting                    Tmut/Pois      100%       1d8       1%          1
 Corpse Rot               Necr/Air       100%       N/A       1%          2
 Static Discharge         Conj/Air       73%        N/A       1%          2
 Sublimation of Blood     Necr           74%        N/A       1%          2
 Wereblood                Tmut           40%        N/A       1%          2
 Dazzling Flash           Conj/Hex       100%       N/A       1%          3
 Ignite Poison            Fire/Tmut/Pois 62%        N/A       1%          3
 Inner Flame              Hex/Fire       71%        N/A       1%          3
 Mephitic Cloud           Conj/Pois/Air  62%        N/A       1%          3
 Vampiric Draining        Necr           74%        2d11      1%          3
 Call Imp                 Summ           33%        N/A       2%          2
 Ensorcelled Hibernation  Hex/Ice        66%        N/A       2%          2
 Poisonous Vapours        Pois/Air       66%        N/A       2%          2
 Spider Form              Tmut/Pois      37%        N/A       3%          3
 Confusing Touch          Hex            33%        N/A       4%          3
 Frozen Ramparts          Ice            66%        1d8       4%          3
 Gell's Gravitas          Tloc           33%        N/A       4%          3
 Lesser Beckoning         Tloc           33%        N/A       4%          3
 Portal Projectile        Hex/Tloc       66%        N/A       4%          3
 Summon Guardian Golem    Hex/Summ       33%        N/A       4%          3
 Swiftness                Air            33%        N/A       4%          3
 Teleport Other           Tloc           33%        N/A       4%          3
 Animate Armour           Summ/Erth      100%       N/A       1%          4
 Animate Dead             Necr           37%        N/A       1%          4
 Dispel Undead            Necr           74%        3d25      1%          4
 Flame Wave               Conj/Fire      95%        2d16      1%          4
 Fulminant Prism          Conj/Hex       36%        3d18      1%          4
 Hailstorm                Conj/Ice       73%        3d15      1%          4
 Iskenderun's Mystic Bla  Conj/Tloc      73%        2d15      1%          4
 Leda's Liquefaction      Hex/Erth       57%        N/A       1%          4
 Petrify                  Tmut/Erth      100%       N/A       1%          4
 Sticky Flame             Conj/Fire      95%        2d10      1%          4
 Agony                    Necr           74%        N/A       1%          5
 Excruciating Wounds      Necr           37%        N/A       1%          5
 Fireball                 Conj/Fire      47%        3d19      1%          5
 Irradiate                Conj/Tmut      37%        3d25      1%          5
 Iskenderun's Battlesphe  Conj           96%        2d14      1%          5
 Lightning Bolt           Conj/Air       36%        1d54      1%          5
 Statue Form              Tmut/Erth      77%        N/A       1%          6
 Lehudib's Crystal Spear  Conj/Erth      67%        10d15     1%          8
 Anguish                  Hex/Necr       28%        N/A       2%          4
 Orb of Destruction       Conj           48%        9d13      2%          7
 Freezing Cloud           Conj/Ice/Air   31%        6-21      4%          5
 Death Channel            Necr           37%        N/A       9%          6
 Conjure Ball Lightning   Conj/Air       36%        3x3d12    10%         6
 Ice Form                 Ice/Tmut       37%        N/A       11%         4
 Olgreb's Toxic Radiance  Pois           33%        N/A       14%         4
 Passage of Golubria      Tloc           33%        N/A       14%         4
 Summon Ice Beast         Ice/Summ       33%        N/A       14%         4
 Summon Lightning Spire   Summ/Air       33%        N/A       14%         4
 Blade Hands              Tmut           20%        N/A       26%         5
 Ignition                 Fire           47%        3d13      28%         8
 Alistair's Intoxication  Tmut/Pois      24%        N/A       30%         5
 Yara's Violent Unravell  Hex/Tmut       18%        3d9       30%         5
 Metabolic Englaciation   Hex/Ice        16%        N/A       36%         5
 Silence                  Hex/Air        16%        N/A       36%         5
 Summon Forest            Summ/Tloc      16%        N/A       36%         5
 Summon Mana Viper        Hex/Summ       33%        N/A       36%         5
 Simulacrum               Ice/Necr       28%        N/A       41%         6
 Eringya's Noxious Bog    Tmut/Pois      18%        N/A       86%         6
 Dispersal                Tloc           16%        N/A       91%         6
 Summon Cactus Giant      Summ           16%        N/A       91%         6
 Haunt                    Necr/Summ      28%        N/A       94%         7
 Borgnjor's Revivificati  Necr           37%        N/A       98%         8
 Infestation              Necr           37%        N/A       98%         8
 Enfeeble                 Hex            16%        N/A       100%        7
 Malign Gateway           Summ/Tloc      16%        N/A       100%        7
 Monstrous Menagerie      Summ           16%        N/A       100%        7
 Ozocubu's Refrigeration  Ice            16%        4d8       100%        7
 Storm Form               Tmut/Air       18%        N/A       100%        7
 Summon Hydra             Summ           16%        N/A       100%        7
 Discord                  Hex            16%        N/A       100%        8
 Maxwell's Capacitive Co  Air            16%        ∞         100%        8
 Necromutation            Tmut/Necr      30%        N/A       100%        8
 Summon Horrible Things   Summ           16%        N/A       100%        8
 Chain Lightning          Conj/Air       36%        3d48      100%        9
 Polar Vortex             Ice            16%        N/A       100%        9


Dungeon Overview and Level Annotations

Branches:
Dungeon (15/15)            Temple (1/1) D:6            Lair (6/6) D:9
  Swamp (4/4) Lair:4        Snake (4/4) Lair:2        Slime (0/5) Lair:5
    Orc (2/2) D:11            Elf (3/3) Orc:2        Vaults (3/5) D:14
  Crypt (0/3) Vaults:2     Depths (4/4) D:15           Hell (visited)
    Dis (7/7) Hell            Geh (0/7) Hell            Coc (0/7) Hell
    Zot (0/5) Depths:4      IceCv (visited)         Volcano (visited)
 WizLab (visited)
    Tar: Hell:1

Altars:
Ashenzari
Cheibriados
Dithmenos
Elyvilon
Fedhas
Gozag
Hepliaklqana
Kikubaaqudgha
Makhleb
Nemelex Xobeh
Okawaru
Qazlal
Ru
Sif Muna
Trog
Uskayaw
Vehumet
Wu Jian
Xom
Yredelemnul
Zin
The Shining One
Beogh
Lugonu

Shops:
D:5 **   D:6 !   D:8 ?   D:15 **[   Orc:1 [   Orc:2 *[[(?   Snake:1 :==
Snake:2 *(?   Snake:3 *(=   Depths:2 (

Portals:
Hell: Depths:1 Depths:2 Depths:3 Depths:4
Abyss: Lair:6 Depths:1 Depths:2 Depths:3
Pandemonium: Depths:2
Ziggurat: Depths:3
Bazaar: Depths:3

Annotations:
D:8 Dig
Depths:3 4 runed translucent doors
Dis:7 Dispater


Innate Abilities, Weirdness & Mutations

You are completely covered in rugged brown scales. (AC +3, +7% HP)
You have supernaturally acute eyesight. (SInv)
Armour fits poorly on your strangely shaped body.
You can roll a great distance at foes to attack.
You have a long armoured tail.
You curl defensively after being hit. (AC +7*)
Your tail ends in a venomous barb.
You have sharp toenails.
Your flesh is cold resistant. (rC+)
You are frail. (-10% HP)
You are strong-willed. (Will+)


Message History

The yaktaur captain shoots a bolt.
The bolt hits you but does no damage.
You feel sick.
The ironbound preserver mumbles some strange words.
The ironbound preserver is healed somewhat.
Casting: Lee's Rapid Deconstruction (safe; 0% risk of failure)
Confirm with . or Enter, or press ? or * to list all spells.
Aiming: Lee's Rapid Deconstruction (safe; 0% risk of failure)
Press: ? - help, Dir - move target A metal wall.
Okay, then.
You feel sick.
You feel sick.
You feel sick.
There is an open door here.
You feel sick.
You feel sick.
You feel sick.
You feel sick.
You feel sick.
You are no longer poisoned.
There is an open door here.
There is an open door here.
A glowing orange brain comes into view.
Aiming: Iron Shot (safe; 1% risk of failure)
Press: ? - help, Q - select action, (/) - cycle Shift-Dir - straight line, f - glowing orange brain
Aim: a glowing orange brain (96% to hit)
You feel a surge of power!
The iron shot hits the glowing orange brain!!!
You kill the glowing orange brain!
Sif Muna accepts your kill.
Your Fire Magic skill increases to level 14!
You see here 17 stones.
A yaktaur captain comes into view.
The yaktaur captain wields a +0 arbalest.
The yaktaur captain shoots a bolt.
The bolt hits you!
* * * LOW HITPOINT WARNING * * *
The yaktaur captain shoots a bolt.
The bolt hits you!
* * * LOW HITPOINT WARNING * * *
The yaktaur captain shoots a bolt.
The bolt hits you!
You die...

.......#.............#
#'######............#.# .#
########.....##.# . #.....# ##
#.....## #..(...# #....(##
#.....# #####@##########
#..............######+
#..............#......
#..####..####..#......
############..#..#..#..#..#......
..#..#..#..#..#..'c.'..#..#......
........#..#..####..####..#....##
..#..#.....#..............#....#.
..#..#.....#.....)........#....#.


You could see a yaktaur captain.

Vanquished Creatures
  2 juggernauts (Dis:7)
  Bai Suzhen (Snake:4)
  Vashnia (Snake:4)
  Saint Roka (Orc:1)
  Geryon (Hell)
  A golden dragon (Depths:4)
  Nikola (Swamp:1)
  22 caustic shrikes
  the Enchantress (Depths:3)
  3 iron giants
  14 Hell Sentinels
  Asterion (Snake:4)
  2 deep elf blademasters (Elf:3)
  Jorgrun (D:13)
  A walking earthen tome (Depths:2)
  2 tentacled monstrosities
  2 deep elf master archers (Elf:3)
  2 liches (Depths:2)
  2 titans
  A moon troll (WizLab)
  The ghost of PoweredByGinger the Hoplite, an adept MiFi of Makhleb (Snake:4)
  24 ancient champions
  2 quicksilver dragons
  3 sphinxes
  4 tengu reavers
  9 tentacled starspawn (WizLab)
  3 storm dragons
  Kirke (Snake:1)
  Frances (Snake:1)
  2 shadow dragons (Depths:4)
  2 thorn hunters (Swamp:4)
  A revenant (Hell)
  Donald (Swamp:1)
  7 nagarajas
  5 fenstrider witches (Swamp:4)
  7 quicksilver elementals
  2 draconian knights
  An orc warlord (Vaults:3)
  5 fire giants
  6 frost giants
  3 iron dragons (Dis:7)
  6 deep elf sorcerers
  A juggernaut zombie (Hell)
  2 balrugs
  A caustic shrike zombie (Depths:1)
  8 vault wardens
  Aizul (Snake:1)
  2 cacodemons
  A ghoul (Vaults:2)
  A draconian annihilator (Depths:4)
  9 deep elf elementalists (Elf:3)
  4 reapers
  41 war gargoyles
  16 very ugly things
  8 spriggan defenders
  10 ironbound preservers
  17 stone giants
  5 deep elf demonologists
  6 vampire knights
  5 eleionomae
  6 ironbound thunderhulks
  2 yellow draconians (Depths:4)
  2 bunyips
  Nessos (D:13)
  8 white draconians
  6 spark wasps
  A purple draconian (Depths:4)
  A red draconian (Depths:4)
  An entropy weaver (Vaults:3)
  8 deep elf annihilators
  25 dire elephants
  A spark wasp (shapeshifter) (Depths:2)
  16 iron golems
  4 blizzard demons
  6 ettins
  9 deep elf death magi
  A merfolk impaler (Depths:1)
  A jiangshi (Vaults:2)
  A shambling mangrove (Swamp:4)
  A merfolk javelineer (Depths:2)
  A crystal guardian (WizLab)
  9 yaktaur captains
  5 spriggan zombies (Hell)
  12 naga warriors
  3 deep elf high priests (Elf:3)
  2 boulder beetles
  5 ice dragons
  12 hydras
  3 salamander tyrants (Snake:4)
  2 ironbound frosthearts
  15 vault guards
  4 rakshasas
  A ghost crab (Swamp:3)
  9 spriggan air magi
  A spriggan skeleton (Hell)
  10 great orbs of eyes
  A death knight (D:14)
  6 centaur warriors
  8 alligators
  3 ogre magi
  12 anacondas
  7 two-headed ogres
  7 death yaks
  33 dancing weapons
  13 naga sharpshooters
  4 hell hogs (Hell)
  10 deep troll shamans
  8 spriggan berserkers
  2 titan zombies
  4 tengu warriors
  3 shock serpents
  11 deep troll earth magi
  19 deep elf knights
  3 orc high priests (Orc:2)
  Urug (D:13)
  11 sun demons
  3 thrashing horrors (Lair:6)
  10 soul eaters
  32 hell knights
  10 crystal echidnas
  Sonja (D:12)
  4 sixfirhies
  7 salamander mystics
  57 deep trolls
  4 skeletal warriors
  11 iron trolls
  11 spriggan druids
  2 golden dragon zombies
  8 naga ritualists
  20 deep elf archers
  4 goliath frogs
  7 bog bodies
  A tengu zombie (Depths:2)
  A flayed ghost (Depths:2)
  An orb spider (shapeshifter) (Lair:6)
  2 orange crystal statues
  2 swamp dragons
  8 lindwurms
  A sphinx zombie (Hell)
  7 phantasmal warriors
  A golden dragon skeleton (Depths:2)
  8 wizards
  10 glowing orange brains
  4 orc knights
  11 necromancers
  10 ironbound convokers
  A tengu skeleton (Depths:2)
  35 deep elf pyromancers
  31 deep elf zephyrmancers
  14 mana vipers
  A fire giant zombie (Hell)
  A wolf spider (shapeshifter) (Elf:1)
  4 harpies (Vaults:1)
  14 ugly things
  6 orc sorcerers
  A sphinx skeleton (Depths:2)
  2 stone giant zombies (Hell)
  3 oklob plants (Lair:5)
  An iron dragon skeleton (Hell)
  3 cyclopes
  7 will-o-the-wisps
  4 elephants
  21 salamanders
  19 naga magi
  5 guardian serpents
  8 rust devils (Hell)
  12 vault sentinels
  34 black mambas
  7 smoke demons
  2 torpor snails
  3 orange demons
  5 storm dragon simulacra (IceCv)
  A gargoyle (D:12)
  A large abomination (Lair:6)
  4 eyes of devastation (WizLab)
  2 hellions
  15 cane toads
  24 yaktaurs
  A yaktaur (shapeshifter) (Lair:6)
  4 rime drakes
  2 tengu conjurers (Depths:2)
  7 komodo dragons
  A freezing wraith (D:13)
  2 kobold demonologists
  4 golden dragon simulacra (IceCv)
  4 tormentors
  4 hellwings (Swamp:4)
  3 ice devils (Hell)
  A queen bee (Lair:5)
  2 ancient zymes (Lair:6)
  8 trolls
  6 meliai
  A merfolk (shapeshifter) (Depths:2)
  5 bloated husks
  A polar bear (Lair:6)
  9 tyrant leeches
  A harpy skeleton (Hell)
  Prince Ribbit (D:5)
  11 hornets
  22 blink frogs
  27 slime creatures
  7 dream sheep (Lair:6)
  2 air elementals (Elf:2)
  A merfolk skeleton (Hell)
  A shadow (D:13)
  20 spriggans
  4 wraiths
  A spriggan (shapeshifter) (D:13)
  An ettin skeleton (Depths:1)
  3 ynoxinuls (Lair:6)
  14 starcursed masses (WizLab)
  21 water elementals
  Sigmund (D:5)
  3 wyverns
  An orc simulacrum (Hell)
  56 yaks
  5 golden eyes (WizLab)
  5 chaos spawn (Swamp:4)
  2 fire elementals (Elf:1)
  A yaktaur simulacrum (Vaults:3)
  9 basilisks
  3 hogs (Snake:1)
  4 neqoxecs
  11 vampire mosquitoes
  20 swamp worms
  39 nagas
  6 wargs
  2 acid dragons
  A naga (shapeshifter) (Elf:1)
  10 small abominations
  27 water moccasins
  2 ice beasts (D:5)
  3 sky beasts
  36 orc warriors
  2 swamp drakes
  A spriggan simulacrum (Depths:1)
  3 black bears
  A black bear (shapeshifter) (Lair:6)
  5 ice dragon simulacra (IceCv)
  6 ogres
  A boggart (Elf:1)
  A necrophage (D:6)
  4 wolves (Lair:2)
  11 centaurs
  A phantom (D:4)
  3 kobold brigands (D:14)
  10 bullfrogs
  A gnoll sergeant (D:8)
  4 scorpions
  4 earth elementals
  26 killer bees
  11 wights
  7 lindwurm simulacra (IceCv)
  6 howler monkeys
  5 electric eels
  4 centaur zombies
  A bullfrog zombie (D:5)
  3 hounds
  A gnoll shaman (D:8)
  18 orc priests
  2 jellies
  An iguana (D:2)
  A bullfrog skeleton (D:4)
  A centaur skeleton (D:7)
  21 orc wizards
  6 hell rats
  6 yak simulacra (Lair:6)
  A killer bee zombie (D:6)
  3 howler monkey zombies
  11 gnolls
  A howler monkey skeleton (D:6)
  5 adders
  2 shadow imps (D:6)
  A white imp (Vaults:3)
  An ufetubus (D:5)
  4 dart slugs
  108 orcs
  7 bats
  7 endoplasms
  3 giant cockroaches
  2 goblins
  6 hobgoblins
  4 jackals
  7 kobolds
  3 quokkas
  4 ball pythons
  7 frilled lizards
  5 rats
  4 river rat simulacra (Lair:6)
  2 fire vortices (Hell)
  5 starspawn tentacles (WizLab)
2036 creatures vanquished.

Vanquished Creatures (others)
  A spark wasp (Depths:3)
  3 deep elf knights
  A deep elf pyromancer (Elf:3)
  A basilisk (Lair:6)
  A swamp worm (Swamp:1)
  An orc (Orc:2)
  A creeping inferno (Hell)
  5 demonic plants (WizLab)
  6 foxfires
  48 fungi
  81 plants
  6 starspawn tentacles (WizLab)
155 creatures vanquished.

Grand Total: 2191 creatures vanquished

Notes
Turn   | Place    | Note
-------+----------+-------------------------------------------
     0 | D:1      | SnakkuSnakku7 the Palentonga Earth Elementalist began the
                  | quest for the Orb.
     0 | D:1      | Reached XP level 1. HP: 13/13 MP: 3/3
   113 | D:1      | Found a faded altar of an unknown god.
   223 | D:1      | Reached skill level 3 in Earth Magic
   348 | D:1      | Reached XP level 2. HP: 13/20 MP: 5/5
   841 | D:2      | Reached XP level 3. HP: 21/25 MP: 3/6
   888 | D:2      | Reached skill level 4 in Earth Magic
  1006 | D:2      | Reached XP level 4. HP: 32/32 MP: 7/7
  1242 | D:2      | Reached skill level 5 in Earth Magic
  1256 | D:2      | Learned a level 3 spell: Stone Arrow
  1331 | D:3      | Found a radiant altar of Vehumet.
  1463 | D:3      | Reached XP level 5. HP: 35/37 MP: 8/8
  2158 | D:4      | Noticed a phantom
  2166 | D:4      | Killed a phantom
  2167 | D:4      | Reached skill level 6 in Earth Magic
  2765 | D:4      | Reached XP level 6. HP: 31/43 MP: 7/9
  2783 | D:5      | Entered Level 5 of the Dungeon
  2928 | D:5      | Noticed Sigmund
  2932 | D:5      | Killed Sigmund
  2933 | D:5      | Reached skill level 7 in Earth Magic
  3078 | D:5      | Gained mutation: You curl defensively after being hit. (AC
                  | +7*) [Palentonga growth]
  3078 | D:5      | Reached XP level 7. HP: 46/49 MP: 7/10
  3188 | D:5      | Noticed Prince Ribbit
  3234 | D:5      | Killed Prince Ribbit
  3235 | D:5      | Reached skill level 8 in Earth Magic
  3247 | D:5      | Found a bloodstained altar of Trog.
  3308 | D:5      | Reached skill level 9 in Earth Magic
  3308 | D:5      | Reached XP level 8. HP: 38/55 MP: 6/11
  3643 | D:5      | Found Awkilein's General Store.
  3644 | D:5      | Found Kuiplos's Specific Store.
  3655 | D:5      | Bought a scroll of identify for 28 gold pieces
  3655 | D:5      | Bought a potion of curing for 42 gold pieces
  3898 | D:5      | Reached skill level 10 in Earth Magic
  4212 | D:6      | Found a staircase to the Ecumenical Temple.
  4237 | Temple   | Entered the Ecumenical Temple
  4421 | D:6      | Found Gyungeoh's Distillery.
  4431 | D:6      | Bought a potion of degeneration for 13 gold pieces
  4431 | D:6      | Bought a potion of ambrosia for 104 gold pieces
  4786 | D:7      | Reached skill level 5 in Spellcasting
  4805 | D:7      | Reached XP level 9. HP: 42/60 MP: 0/17
  5083 | D:7      | Reached skill level 1 in Conjurations
  5641 | D:6      | Bought a potion of curing for 39 gold pieces
  5641 | D:6      | Bought a potion of flight for 39 gold pieces
  5776 | D:8      | Reached skill level 5 in Conjurations
  5983 | D:8      | Found Lumoaff's Magic Scroll Emporium.
  6824 | D:8      | Found a glowing silver altar of Zin.
  6962 | D:9      | Noticed a two-headed ogre
  6967 | D:9      | Killed a two-headed ogre
  6968 | D:9      | Reached XP level 10. HP: 67/67 MP: 13/19
  7019 | D:8      | Reached skill level 1 in Fighting
  7877 | D:9      | Found a staircase to the Lair.
  7877 | D:9      | Noticed an elephant
  7877 | D:9      | Noticed a death yak
  7889 | D:9      | Reached skill level 5 in Fighting
  8341 | D:9      | Noticed a smoke demon
  8570 | D:9      | Killed an elephant
  8817 | D:9      | Killed a death yak
  8926 | D:9      | Found a sparkling altar of Nemelex Xobeh.
  8928 | D:9      | Found a shimmering altar of Xom.
  8990 | D:10     | Entered Level 10 of the Dungeon
  9027 | D:10     | Found a shimmering blue altar of Sif Muna.
  9032 | D:10     | Became a worshipper of Sif Muna the Loreminder
  9263 | D:10     | Found a portal to a secret trove of treasure.
  9565 | D:10     | Found an iron altar of Okawaru.
  9808 | D:10     | Found a glowing golden altar of the Shining One.
 10111 | Lair:1   | Entered Level 1 of the Lair of Beasts
 10125 | Lair:1   | Reached skill level 1 in Invocations
 10141 | Lair:1   | Noticed a cane toad
 10149 | Lair:1   | Killed a cane toad
 10150 | Lair:1   | Reached XP level 11. HP: 60/92 MP: 14/20
 10281 | Lair:1   | Reached skill level 5 in Invocations
 11441 | Lair:2   | Reached * piety under Sif Muna
 11468 | Lair:2   | Found a staircase to the Snake Pit.
 11583 | Lair:2   | Reached skill level 10 in Invocations
 11708 | Lair:2   | Learned a level 5 spell: Lee's Rapid Deconstruction
 11789 | Lair:2   | HP: 4/92 [poisoned by a cane toad]
 12476 | Lair:3   | Reached XP level 12. HP: 86/98 MP: 10/21
 12707 | Lair:3   | Noticed a seven-headed hydra
 12935 | Lair:3   | Killed a seven-headed hydra
 12936 | Lair:3   | Reached skill level 11 in Earth Magic
 14000 | Lair:4   | Noticed a death yak
 14015 | Lair:4   | Noticed a death yak
 14021 | Lair:4   | Killed a death yak
 14508 | Lair:4   | Reached skill level 12 in Earth Magic
 14972 | Lair:4   | Found a staircase to the Swamp.
 15080 | Lair:4   | Noticed a death yak
 15081 | Lair:4   | Noticed a death yak
 15091 | Lair:4   | Killed a death yak
 15130 | Lair:4   | Noticed a death yak
 15130 | Lair:4   | Noticed a death yak
 15144 | Lair:3   | Killed a death yak
 15380 | Lair:4   | Killed a death yak
 15380 | Lair:4   | Reached ** piety under Sif Muna
 15490 | Lair:3   | Killed a death yak
 15491 | Lair:3   | Reached skill level 13 in Earth Magic
 15609 | Lair:4   | Killed a death yak
 17567 | Lair:5   | Reached XP level 13. HP: 84/104 MP: 9/23
 17791 | Lair:5   | Identified the +5 ring mail of Heresy {SInv}
 17793 | Lair:5   | Got the Grimoire of Shifting Displacement
 18502 | Lair:6   | Entered Level 6 of the Lair of Beasts
 19313 | Lair:6   | Reached *** piety under Sif Muna
 20571 | Lair:6   | Reached skill level 10 in Spellcasting
 20891 | Lair:6   | Reached **** piety under Sif Muna
 22439 | Lair:6   | Reached skill level 14 in Earth Magic
 22692 | Lair:6   | Reached XP level 14. HP: 112/112 MP: 17/30
 23476 | Lair:6   | Found a corrupted altar of Lugonu.
 23476 | Lair:6   | Found a one-way gate to the infinite horrors of the Abyss.
 23843 | D:11     | Reached ***** piety under Sif Muna
 23908 | D:11     | Found a staircase to the Orcish Mines.
 24209 | D:11     | You fall into a shaft and drop 1 floor!
 24337 | D:12     | Reached skill level 15 in Earth Magic
 24798 | D:12     | Noticed Sonja
 24799 | D:12     | Killed Sonja
 24890 | D:12     | Received a gift from Sif Muna
 24895 | D:12     | Got Jufac's Compendium of Damage Dealing {god gift}
 25551 | D:11     | Reached skill level 1 in Armour
 26251 | Orc:1    | Entered Level 1 of the Orcish Mines
 26652 | Orc:1    | Found a dark tunnel.
 26658 | Volcano  | Entered a volcano
 27397 | Orc:2    | Entered Level 2 of the Orcish Mines
 27775 | Orc:1    | Found Celewkos's Armour Shop.
 27795 | Orc:1    | Bought the +6 lightning scales {swift, rElec} for 1072 gold
                  | pieces
 27795 | Orc:1    | Found the +6 lightning scales {swift, rElec}
 28020 | Orc:2    | Noticed Saint Roka
 28606 | Orc:1    | Killed Saint Roka
 29015 | Orc:2    | Found Wik Fic's Antique Weapon Shoppe.
 29017 | Orc:2    | Found Doecucwe's Antique Armour Emporium.
 29030 | Orc:2    | Bought a pair of runed gloves for 135 gold pieces
 29127 | Orc:2    | Found Seufirol's Assorted Antiques.
 29133 | Orc:2    | Bought a scroll of magic mapping for 80 gold pieces
 29133 | Orc:2    | Bought a scroll of fog for 46 gold pieces
 29145 | Orc:2    | Found Wiezasen's Armour Shop.
 29153 | Orc:2    | Bought the +1 cloak of Gravitas {Int+2} for 331 gold pieces
 29222 | Orc:2    | Received a gift from Sif Muna
 29227 | Orc:2    | Got Sif Muna's Reference Book on Lightness and Combat Magic
                  | {god gift}
 29810 | Orc:2    | Found a staircase to the Elven Halls.
 29962 | Orc:2    | Found Kaeg Kopp's Magic Scroll Emporium.
 29974 | Orc:2    | Bought a scroll of blinking for 97 gold pieces
 29974 | Orc:2    | Bought a scroll of teleportation for 39 gold pieces
 29974 | Orc:2    | Bought a scroll of teleportation for 39 gold pieces
 30272 | D:13     | Noticed Nessos
 30273 | D:13     | Reached skill level 16 in Earth Magic
 30594 | D:13     | Noticed Jorgrun
 30611 | D:13     | Killed Jorgrun
 30612 | D:13     | Reached XP level 15. HP: 107/117 MP: 3/31
 30899 | D:13     | Identified the +6 war axe of Quick Death {vamp, Fragile
                  | rPois Str-2 Int+7}
 30906 | D:13     | Killed Nessos
 30944 | D:13     | Noticed Urug
 31007 | D:13     | Killed Urug
 32302 | D:14     | Reached skill level 17 in Earth Magic
 32553 | D:14     | Found a gate to the Vaults.
 33012 | D:14     | Identified the +5 dagger of a ziggurat {speed, Dex+2}
 33079 | D:14     | Identified the +6 chain mail of the Griffon {Fly}
 33219 | D:15     | Entered Level 15 of the Dungeon
 33324 | D:15     | Found Mufoibu's General Store.
 33335 | D:15     | Bought a potion of heal wounds for 50 gold pieces
 33375 | D:15     | Found Uwus's General Store.
 33389 | D:15     | Bought a scroll of teleportation for 33 gold pieces
 33389 | D:15     | Bought a scroll of fog for 22 gold pieces
 33415 | D:15     | Received a gift from Sif Muna
 33426 | D:15     | Learned a level 6 spell: Iron Shot
 33431 | D:15     | Found Oting's Antique Armour Boutique.
 34442 | D:15     | Found a staircase to the Depths.
 34442 | D:15     | Noticed a frost giant
 34445 | D:15     | Killed a frost giant
 34531 | D:15     | Reached skill level 18 in Earth Magic
 34773 | Elf:1    | Entered Level 1 of the Elven Halls
 35816 | Elf:1    | Reached skill level 19 in Earth Magic
 35982 | Elf:1    | Reached XP level 16. HP: 125/125 MP: 19/32
 36400 | Elf:1    | Received a gift from Sif Muna
 36404 | Elf:1    | Got Sif Muna's Volume of Attacks {god gift}
 37342 | Elf:2    | Reached skill level 10 in Conjurations
 37751 | Elf:2    | Found a radiant altar of Vehumet.
 38545 | Elf:2    | Found a runed translucent gate.
 38546 | Elf:2    | Found a runed translucent gate.
 38546 | Elf:2    | Found a runed translucent gate.
 38597 | Elf:2    | Received a gift from Sif Muna
 38642 | Elf:2    | Reached XP level 17. HP: 64/130 MP: 5/33
 38871 | Elf:2    | Got Rodapithust's Papyrus of Unstable Arcane Weapons {god
                  | gift}
 39193 | Elf:3    | Entered Level 3 of the Elven Halls
 39347 | Elf:3    | Reached skill level 20 in Earth Magic
 39503 | Elf:3    | Reached skill level 1 in Shields
 40479 | Elf:3    | Noticed a deep elf blademaster
 40498 | Elf:3    | Killed a deep elf blademaster
 40546 | Elf:3    | Noticed a deep elf blademaster
 40562 | Elf:3    | Reached skill level 5 in Shields
 40571 | Elf:3    | Killed a deep elf blademaster
 40895 | Elf:3    | Learned a level 9 spell: Shatter
 40998 | Elf:3    | Noticed a deep elf master archer
 41359 | Elf:3    | Noticed a deep elf master archer
 41407 | Elf:3    | Killed a deep elf master archer
 41543 | Elf:3    | Identified the +3 short sword "Xil Veck" {chaos, rN++ Str+2
                  | Int+4}
 41554 | Elf:3    | Identified the +0 leather armour of Resilience {Dex+2}
 41821 | Elf:3    | Killed a deep elf master archer
 41826 | Elf:3    | Identified a scroll of acquirement
 41852 | Elf:3    | Acquired a staff of conjuration
 41959 | Elf:3    | Identified the +8 gold dragon scales of the Known World
                  | {-Tele *Corrode rPois rF+ rC+ Str+3 Int+6}
 42005 | Elf:3    | Identified the +3 shortbow of Xazxal {flame, Dex+7}
 42020 | Elf:3    | Got Sif Muna's Almanac of Cold
 42466 | Depths:1 | Entered Level 1 of the Depths
 42605 | Depths:1 | Reached skill level 21 in Earth Magic
 42713 | Depths:1 | Reached XP level 18. HP: 52/138 MP: 12/34
 42795 | Depths:1 | Found a magical portal.
 42807 | WizLab   | Entered Lehudib's Moon Base
 43029 | WizLab   | Found a transporter.
 43219 | WizLab   | Received a gift from Sif Muna
 43643 | WizLab   | Reached skill level 22 in Earth Magic
 43722 | WizLab   | Found a transporter.
 43980 | WizLab   | Paralysed by a great orb of eyes for 4 turns
 44630 | WizLab   | Got Lehudib's Papyrus of Shifting Stones
 44673 | WizLab   | Noticed a moon troll
 44678 | WizLab   | Killed a moon troll
 44702 | WizLab   | Got the Handbook of Creative Hexes
 44704 | WizLab   | Identified the ring of Freedom {rF+ Str+6 Dex+8}
 44714 | WizLab   | Identified the +6 chain mail "Qujyseugg" {Regen+}
 45361 | Depths:1 | Noticed a tentacled monstrosity
 45364 | Depths:1 | Killed a tentacled monstrosity
 45364 | Depths:1 | Received a gift from Sif Muna
 45367 | Depths:1 | Got Jiuzet's Grimoire of Blistering Black Arts {god gift}
 45376 | Depths:1 | Learned a level 5 spell: Borgnjor's Vile Clutch
 45541 | Depths:1 | Reached skill level 23 in Earth Magic
 45687 | Depths:1 | Found a gateway to Hell.
 47057 | Depths:2 | Found a one-way gate leading to the halls of Pandemonium.
 47084 | Depths:2 | Reached XP level 19. HP: 143/143 MP: 18/35
 47415 | Depths:2 | Identified the +1 robe of the Orb Guardian {Str+5}
 47426 | Depths:2 | Found a radiant altar of Vehumet.
 47434 | Depths:2 | Identified the +1 hat of Thoughtfulness {+Inv Regen+ Int-4
                  | Stlth+}
 47435 | Depths:2 | Identified the +3 hat of Ruathog {Str+7 SInv}
 47448 | Depths:2 | Identified the +2 hat "Afig" {rN++ Str+3}
 47476 | Depths:2 | Learned a level 7 spell: Spellforged Servitor
 47546 | Depths:2 | Found Salevuan's Weapon Emporium.
 47862 | Depths:2 | Reached skill level 24 in Earth Magic
 47996 | Depths:2 | Found a runed translucent gate.
 47996 | Depths:2 | Found a runed translucent gate.
 47996 | Depths:2 | Found a runed translucent gate.
 48056 | Depths:2 | Received a gift from Sif Muna
 48442 | Depths:2 | Found a runed translucent gate.
 48442 | Depths:2 | Found a runed translucent gate.
 48442 | Depths:2 | Found a runed translucent gate.
 48678 | Depths:2 | Identified the +6 demon blade "Ykhima" {venom, rPois Str+6}
 49286 | Depths:3 | Found a runed translucent door.
 49355 | Depths:3 | Found a runed translucent door.
 49615 | Depths:3 | Found a runed translucent door.
 49695 | Depths:3 | Found a runed translucent door.
 49977 | Depths:2 | Received a gift from Sif Muna
 49978 | Depths:2 | Reached skill level 25 in Earth Magic
 49980 | Depths:2 | Got Sif Muna's Catalogue of Creative Conjuration {god gift}
 50844 | Depths:3 | Paralysed by a great orb of eyes for 5 turns
 50867 | Depths:3 | Noticed the Enchantress
 50945 | Depths:3 | Killed the Enchantress
 51271 | Depths:3 | Reached XP level 20. HP: 129/150 MP: 13/37
 51313 | Depths:3 | Found a one-way gateway to a ziggurat.
 51395 | Depths:3 | Found a gateway to a bazaar.
 51467 | Depths:4 | Entered Level 4 of the Depths
 51870 | Depths:4 | Received a gift from Sif Muna
 51871 | Depths:4 | Got Sif Muna's Guide on the Mutagenic Rocks {god gift}
 52430 | Depths:4 | Reached skill level 15 in Spellcasting
 53220 | Depths:4 | Noticed a golden dragon
 53226 | Depths:4 | Killed a golden dragon
 53669 | Depths:4 | Found a gate to the Realm of Zot.
 54229 | D:10     | You paid a toll of 2 scrolls of acquirement to enter a
                  | treasure trove
 54230 | Trove    | Entered a treasure trove
 54244 | Trove    | Identified the ring "Judirch" {rElec Will+ MP-9 Int+7}
 54255 | Trove    | Identified the ring "Gut Zuha" {rElec rN+ rCorr Str-2}
 54368 | Lair:5   | Found a staircase to the Slime Pits.
 54726 | Hell     | Entered the Vestibule of Hell
 54726 | Hell     | Noticed Geryon
 54736 | Hell     | Killed Geryon
 54946 | Hell     | Gained mutation: Your spells are a little easier to cast,
                  | but a little less powerful. [a cacodemon]
 55113 | Hell     | Received a gift from Sif Muna
 56132 | Hell     | Reached XP level 21. HP: 137/157 MP: 4/40
 56185 | Depths:3 | Lost mutation: Your spells are a little easier to cast, but
                  | a little less powerful. [potion of mutation]
 56185 | Depths:3 | Gained mutation: You do not regenerate when monsters are
                  | visible. [potion of mutation]
 56185 | Depths:3 | Gained mutation: Your magical capacity is low. (-10% MP)
                  | [potion of mutation]
 56186 | Depths:3 | Lost mutation: You do not regenerate when monsters are
                  | visible. [potion of mutation]
 56186 | Depths:3 | Lost mutation: Your magical capacity is low. (-10% MP)
                  | [potion of mutation]
 56186 | Depths:3 | Gained mutation: Your flesh is cold resistant. (rC+)
                  | [potion of mutation]
 56186 | Depths:3 | Gained mutation: You are dopey. (Int -2) [potion of
                  | mutation]
 56186 | Depths:3 | Gained mutation: You can roll at foes to attack. [potion of
                  | mutation]
 56198 | Hell     | Reached skill level 26 in Earth Magic
 56198 | Hell     | Got Sif Muna's Handbook of the Mutagenic Volcanoes {god
                  | gift}
 56378 | Hell     | Found a gateway to the freezing wastes of Cocytus.
 56498 | Hell     | Found a gateway to the Iron City of Dis.
 56572 | Hell     | Found a gateway to the ashen valley of Gehenna.
 56646 | Dis:1    | Entered Level 1 of the Iron City of Dis
 57166 | Dis:2    | Noticed a caustic shrike
 57168 | Dis:2    | Noticed a caustic shrike
 57168 | Dis:2    | Noticed a caustic shrike
 57168 | Dis:2    | Noticed a caustic shrike
 57175 | Hell     | Killed a caustic shrike
 57177 | Hell     | Killed a caustic shrike
 57553 | Hell     | Killed a caustic shrike
 57554 | Hell     | Reached skill level 10 in Fighting
 57556 | Hell     | Killed a caustic shrike
 57593 | Hell     | Learned a level 2 spell: Blink
 58643 | Dis:3    | Received a gift from Sif Muna
 59711 | Dis:4    | Noticed a caustic shrike
 59712 | Dis:4    | Noticed a caustic shrike
 59712 | Dis:4    | Noticed a caustic shrike
 59712 | Dis:4    | Noticed a caustic shrike
 59712 | Dis:4    | Noticed a caustic shrike
 59722 | Dis:4    | Killed a caustic shrike
 59723 | Dis:4    | Killed a caustic shrike
 59724 | Dis:4    | Killed a caustic shrike
 59725 | Dis:4    | Killed a caustic shrike
 59725 | Dis:4    | Killed a caustic shrike
 60599 | Dis:5    | You fall into a shaft and drop 1 floor!
 60635 | Dis:6    | Noticed a caustic shrike
 60635 | Dis:6    | Noticed a caustic shrike
 60635 | Dis:6    | Noticed a caustic shrike
 60638 | Dis:6    | Killed a caustic shrike
 60639 | Dis:6    | Killed a caustic shrike
 60640 | Dis:6    | Killed a caustic shrike
 60675 | Dis:7    | Entered Level 7 of the Iron City of Dis
 60768 | Dis:7    | Noticed a caustic shrike
 60772 | Dis:7    | Noticed a caustic shrike
 60790 | Dis:7    | Killed a caustic shrike
 61281 | Hell     | Reached XP level 22. HP: 74/172 MP: 27/41
 61613 | Dis:7    | Killed a caustic shrike
 61639 | Dis:7    | Noticed a caustic shrike
 61647 | Dis:7    | Killed a caustic shrike
 62025 | Dis:7    | Noticed a caustic shrike
 62025 | Dis:7    | Noticed a caustic shrike
 62025 | Dis:7    | Noticed a caustic shrike
 62027 | Dis:7    | Noticed a caustic shrike
 62031 | Dis:7    | Killed a caustic shrike
 62032 | Dis:7    | Reached skill level 15 in Fighting
 62035 | Dis:7    | Killed a caustic shrike
 62044 | Dis:7    | Noticed a caustic shrike
 62052 | Dis:7    | Killed a caustic shrike
 62053 | Dis:7    | Killed a caustic shrike
 62064 | Dis:7    | Killed a caustic shrike
 62071 | Dis:7    | Noticed a caustic shrike
 62748 | Dis:7    | Received a gift from Sif Muna
 62749 | Dis:7    | Got Sif Muna's Catalogue of the Shrike {god gift}
 62855 | Dis:7    | Noticed a juggernaut
 62979 | Dis:7    | Reached skill level 27 in Earth Magic
 62986 | Dis:7    | Reached skill level 1 in Necromancy
 63019 | Dis:7    | Noticed a caustic shrike
 63027 | Dis:7    | Killed a caustic shrike
 63052 | Dis:7    | Killed a juggernaut
 63053 | Dis:7    | Reached skill level 5 in Necromancy
 63056 | Dis:7    | Noticed a juggernaut
 63553 | Dis:7    | Killed a caustic shrike
 63629 | Dis:7    | Noticed a juggernaut
 63634 | Dis:7    | Killed a juggernaut
 63693 | Dis:7    | Found the +4 staff of Dispater
 63693 | Dis:7    | Noticed Dispater
 63716 | Dis:7    | Got an iron rune of Zot
 63953 | Hell     | Learned a level 9 spell: Fire Storm
 64266 | Snake:1  | Entered Level 1 of the Snake Pit
 64448 | Snake:1  | Noticed Kirke
 64452 | Snake:1  | Killed Kirke
 64453 | Snake:1  | Reached skill level 1 in Fire Magic
 64626 | Snake:1  | Noticed Frances
 64632 | Snake:1  | Killed Frances
 64658 | Snake:1  | Found Enugu's Jewellery Shop.
 64659 | Snake:1  | Noticed Aizul
 64659 | Snake:1  | Found Geril's Jewellery Shop.
 64660 | Snake:1  | Found Vihiub's Book Shoppe.
 64673 | Snake:1  | Killed Aizul
 65388 | Snake:2  | Found Neumyle's Weapon Shoppe.
 65388 | Snake:2  | Found Necite Ybuax's Assorted Antiques.
 65410 | Snake:2  | Bought a scroll of teleportation for 114 gold pieces
 65410 | Snake:2  | Bought 2 potions of magic for 608 gold pieces
 65410 | Snake:2  | Bought a potion of curing for 114 gold pieces
 65493 | Snake:1  | Bought a book of Decay for 480 gold pieces
 65493 | Snake:1  | Bought a book of Displacement for 384 gold pieces
 65493 | Snake:1  | Bought a Young Poisoner's Handbook for 320 gold pieces
 65533 | Snake:2  | Reached XP level 23. HP: 166/193 MP: 30/42
 65720 | Snake:2  | Reached skill level 5 in Fire Magic
 65818 | Snake:2  | Found Herphomo's Magic Scroll Emporium.
 65826 | Snake:2  | Bought a scroll of teleportation for 42 gold pieces
 65826 | Snake:2  | Bought a scroll of fog for 28 gold pieces
 66556 | Snake:3  | Found Copnued's General Store.
 66569 | Snake:3  | Found Huumm's Antique Weapon Shoppe.
 66571 | Snake:3  | Found Utuil's Jewellery Emporium.
 66882 | Snake:3  | Found a basalt altar of Yredelemnul.
 66945 | Snake:3  | Received a gift from Sif Muna
 66948 | Snake:3  | Got Teank's Almanac of the Cuttlefish {god gift}
 67151 | Snake:4  | Entered Level 4 of the Snake Pit
 67273 | Snake:4  | Noticed Asterion
 67278 | Snake:4  | Killed Asterion
 67282 | Snake:4  | Noticed Bai Suzhen
 67328 | Snake:4  | Killed Bai Suzhen
 67395 | Snake:4  | Acquired Sif Muna's Collected Works on Dark Feathers
 67544 | Snake:4  | Found a runed translucent door.
 67556 | Snake:4  | Found a shimmering altar of Xom.
 67556 | Snake:4  | Noticed PoweredByGinger's ghost (adept MiFi)
 67556 | Snake:4  | Identified the +6 quarterstaff of Expedience {chaos, rPois}
 67569 | Snake:4  | Killed PoweredByGinger's ghost
 68025 | Snake:4  | Noticed Vashnia
 68034 | Snake:4  | Killed Vashnia
 68035 | Snake:4  | Reached skill level 10 in Fire Magic
 68339 | Snake:4  | Got a serpentine rune of Zot
 68447 | Snake:3  | Learned a level 6 spell: Starburst
 68584 | Swamp:1  | Entered Level 1 of the Swamp
 68585 | Swamp:1  | Received a gift from Sif Muna
 68585 | Swamp:1  | Found a frozen archway.
 68591 | Swamp:1  | Got Sif Muna's Advanced Steps in Wizardry {god gift}
 68599 | Swamp:1  | Noticed Donald
 68857 | Swamp:1  | Killed Donald
 68862 | Swamp:1  | Noticed Nikola
 68877 | Swamp:1  | Killed Nikola
 68905 | IceCv    | Entered an ice cave
 69269 | IceCv    | Identified the ring "Huejac" {rC+ MP+9 Dex+6 Slay+2}
 69278 | IceCv    | Identified the ring of the Special Demons {Ice +Blink MP+9
                  | Dex-4 SInv}
 70854 | Swamp:4  | Entered Level 4 of the Swamp
 70855 | Swamp:4  | Received a gift from Sif Muna
 70859 | Swamp:4  | Reached XP level 24. HP: 201/201 MP: 10/43
 70860 | Swamp:4  | Gained mutation: You have hidden genetic defects. [a
                  | neqoxec]
 71161 | Swamp:4  | Gained mutation: Your body sometimes deteriorates upon
                  | taking damage. [a neqoxec]
 71231 | Swamp:3  | Lost mutation: You are dopey. (Int -2) [potion of mutation]
 71231 | Swamp:3  | Lost mutation: Your body sometimes deteriorates upon taking
                  | damage. [potion of mutation]
 71231 | Swamp:3  | Gained mutation: You can roll a great distance at foes to
                  | attack. [potion of mutation]
 71231 | Swamp:3  | Gained mutation: You have a pair of small horns on your
                  | head. [potion of mutation]
 71231 | Swamp:3  | Gained mutation: You have sharp toenails. [potion of
                  | mutation]
 71232 | Swamp:3  | Lost mutation: You have hidden genetic defects. [potion of
                  | mutation]
 71232 | Swamp:3  | Lost mutation: You have a pair of small horns on your head.
                  | [potion of mutation]
 71232 | Swamp:3  | Gained mutation: You are frail. (-10% HP) [potion of
                  | mutation]
 71232 | Swamp:3  | Gained mutation: Your tail ends in a venomous barb. [potion
                  | of mutation]
 71232 | Swamp:3  | Gained mutation: You are strong-willed. (Will+) [potion of
                  | mutation]
 71474 | Swamp:4  | Reached ****** piety under Sif Muna
 71759 | Swamp:4  | Got a decaying rune of Zot
 72159 | Vaults:1 | Entered Level 1 of the Vaults
 72261 | Vaults:1 | Received a gift from Sif Muna
 73129 | Vaults:1 | Received a gift from Sif Muna
 73132 | Vaults:1 | Got Sif Muna's Collected Works on Creative Cold {god gift}
 73144 | Vaults:1 | Learned a level 9 spell: Death's Door
 73854 | Vaults:2 | Received a gift from Sif Muna
 73858 | Vaults:2 | Got Leetil's Catalogue of Supportive Clay {god gift}
 74467 | Vaults:2 | Found a staircase to the Crypt.
 75143 | Vaults:3 | Reached XP level 25. HP: 188/188 MP: 32/45
 75558 | Vaults:3 | Received a gift from Sif Muna
 75560 | Vaults:3 | Reached skill level 15 in Conjurations
 75561 | Vaults:3 | Noticed an ancient lich
 75600 | Vaults:3 | Shot with a bolt by a yaktaur captain

Illustrated notes

Levels and vault maps discovered:
D:1:      psy_arrival_heroes, layout_loops_ring,
          hellmonk_ecumenical_altar_defaced_shrine
D:2:      layout_rooms
D:3:      layout_loops_ring, nicolae_vehumet_radiance,
          chequers_serial_rivers_small_b
D:4:      layout_basic
D:5:      layout_loops_corners, lemuel_coloured_pillars_altar,
          nicolae_specific_store, uniq_sigmund, uniq_prince_ribbit1
D:6:      layout_rooms, minmay_temple_entry_junction_2, serial_shops,
          nicolae_lakefront_shop, st_stairs_14
D:7:      layout_loops_ring, water_boxes_lemuel
D:8:      layout_layer_cave, zin_treasury, serial_shops, nicolae_take_the_stairs
D:9:      hellmonk_crumbling_castle, layout_basic,
          nicolae_overflow_hidden_temple, david_lair_generic
D:10:     nicolae_cairo_tiling_large, layout_loops_ring,
          nicolae_tso_swordbearing_angel, mainiacjoe_overflow_alcove_1,
          okawaru_ov_weapons_minmay, enter_trove_1
D:11:     layout_basic, david_orc_5
D:12:     layout_loops_cross, uniq_sonja
D:13:     layout_layer_cave, kennysheep_generic_room_14, uniq_urug,
          uniq_jorgrun, uniq_nessos
D:14:     layout_grid_maze, hangedman_vaults_entry_quadrant_bands,
          grunt_decor_resistance
D:15:     grunt_enter_depths_snipers, layout_stronghold, serial_shops, shop,
          nicolae_shop_statue_plus, nicolae_shop_crystal, fountainhead
Temple:   eino_temple_water
Lair:1:   layout_regular_city, grunt_megastairs_1, serial_bayou_shore_b,
          lemuel_fruit_tree
Lair:2:   layout_hall_layers, guppyfry_snake_entry_island,
          infiniplex_staircase_pool_2
Lair:3:   layout_cellular_growth, infiniplex_staircase_pool
Lair:4:   layout_gridlike, minmay_swamp_entry_swarm
Lair:5:   layout_roguey [special_room_bee], minmay_slime_entry_oklob_open,
          fungi_pond_lemuel, serial_bayou_shore_a
Lair:6:   hellmonk_lair_end_abyssal_woods, layout_regular_city,
          chequers_serial_rivers_room_b, eino_house_with_fridge
Swamp:1:  layout_falls_marsh, portal_ice_cave_entry_pillars_four,
          nicolae_swamp_round_clearing, uniq_nikola, uniq_donald
Swamp:2:  layout_basic_swamp, nicolae_swamp_small_spring
Swamp:3:  layout_basic_swamp, nicolae_swamp_decorative_isthmus
Swamp:4:  nzn_swamp_witches_coven, layout_basic_swamp
Snake:1:  layout_onion, minmay_shop_grove, grunt_megastairs_2, uniq_aizul,
          uniq_kirke, uniq_frances
Snake:2:  layout_chambers, serial_shops, shop_statue, guppyfry_library_mini,
          minmay_shoptagon
Snake:3:  layout_cave_town, basic_altar, minmay_shop_star
Snake:4:  grunt_snake_rune_serpentine_throne, layout_misc_corridors,
          ebering_ghost_xom, fake_guardian_serpent_vault, uniq_bai_suzhen,
          uniq_vashnia, uniq_asterion
Orc:1:    layout_diamond_mine, serial_shops, nicolae_lakefront_shop,
          nicolae_volcano_entry_s_turn
Orc:2:    grunt_orc_community_town_hall, layout_diamond_mine,
          grunt_orc_community_big_house_2, grunt_orc_community_big_house_1,
          grunt_orc_community_house_2, grunt_orc_community_house_2,
          grunt_orc_community_house_3, grunt_orc_community_house_3,
          grunt_orc_community_house_1, grunt_orc_community_house_1,
          serial_shops, nicolae_shop_waterfront
Elf:1:    eino_elf_arrival_shootout, layout_onion_city, hangedman_elf_disciples
Elf:2:    nicolae_elf_blades_crystal_corner, layout_geoelf_octagon, basic_altar,
          st_stairs_8
Elf:3:    elf_hall, layout_gridlike, lemuel_flamethrower_hall
Vaults:1: nicolae_vaults_inception_corners, v_misc_30,
          vaults_room_grunt_arrival_checkpoint, nicolae_vaults_angled_halls,
          nicolae_vaults_inception_scallops, nicolae_vaults_shelves_hall,
          vaults_standard_mumra_lines, nicolae_vaults_little_squares_6,
          v_misc_23, ontoclasm_vaults_loading_screen, hangedman_vaults_cutoff,
          hangedman_vaults_cutoff, layout_vaults_omnicross
Vaults:2: nicolae_vaults_network_periphery, nicolae_vaults_ring_of_whatevers,
          nicolae_vaults_stairing_the_circle, hangedman_vaults_impose,
          hangedman_vaults_restitches, grunt_vaults_twisty, v_rooms_3,
          minmay_crypt_entry_simple_box, ontoclasm_vaults_loading_screen,
          ontoclasm_vaults_decontamination, layout_vaults_chaotic_city
Vaults:3: v_misc_33, hangedman_vaults_locks, v_misc_11, hangedman_vaults_unwind,
          v_rooms_2, nicolae_vaults_angled_halls, st_greater_box_1,
          hangedman_vaults_variations, serial_ice_b,
          nicolae_vaults_shelves_hall, layout_vaults_omnibox
Depths:1: layout_gridlike, hellmouth_3, hangedman_abyss_entry_splay,
          infiniplex_enter_wizlab_water, chequers_serial_rivers_large_a,
          serial_bayou_lake_a
Depths:2: kennysheep_treasure_stockpile, layout_gridlike, pan_entry,
          minmay_misc_feat_five, abyss_entry, serial_shops, nicolae_shop_stone,
          hellmouth_1, chequers_serial_rivers_micro_e, grunt_tower_of_power,
          minmay_staircase_windowed_small
Depths:3: impenetrable_vault, layout_cave_pools, enter_ziggurat_b,
          lightli_too_deep, abyss_entry_crystal, serial_shops, bzr_entry_safe,
          minmay_misc_feat_iff, minmay_staircase_statues, uniq_enchantress
Depths:4: grunt_zot_entry_gee_three, layout_long_grid, hell_entry, hex_tiny,
          lemuel_flamethrower_2
Hell
Dis:1:    layout_jigsaw
Dis:2:    layout_regular_city
Dis:3:    layout_jigsaw
Dis:4:    layout_overlapping_boxes
Dis:5:    layout_jigsaw, lemuel_dis_dragons
Dis:6:    layout_overlapping_boxes
Dis:7:    dis_grunt_layers

Skill      XL: |  1  2  3  4  5  6  7  8  9 10 11 12 13 14 15 16 17 18 19 20 21 22 23 24 25 |
---------------+----------------------------------------------------------------------------+-----
Earth Magic    | 3 4 5 6 7 9 10 13 14 16 19 21 23 25 26 27 | 27.0
Spellcasting   | 5 6 12 13 15 16 18 | 18.6
Conjurations   | 7 8 12 14 15 | 15.0
Fighting       | 8 14 15 | 15.0
Invocations    | 2 10 | 10.0
Dodging        | 2 4 |  4.6
Armour         | 3 |  3.9
Shields        | 5 |  5.9
Necromancy     | 7 |  7.7
Fire Magic     | 4 12 13 14 | 14.0
Stealth        | |  1.2
Transmutations | |  1.0

Action                   |  1- 3 |  4- 6 |  7- 9 | 10-12 | 13-15 | 16-18 | 19-21 | 22-24 | 25-27 || total
-------------------------+-------+-------+-------+-------+-------+-------+-------+-------+-------++-------
Melee: Short sword       |    86 |   115 |    45 |   107 |   385 |       |       |       |       ||   738
       Tailslap          |    11 |     9 |     7 |    25 |    77 |    16 |     7 |    28 |     6 ||   186
       Punch             |       |     1 |     2 |     2 |     8 |     3 |     2 |       |       ||    18
       War axe           |       |       |       |       |    62 |    29 |       |       |       ||    91
       Staff             |       |       |       |       |       |    26 |    46 |   119 |    15 ||   206
 Cast: Sandblast         |    16 |    34 |   125 |   174 |   109 |       |       |       |       ||   458
       Stone Arrow       |       |       |    18 |   114 |   260 |       |       |       |       ||   392
       Lee's Rapid Decon |       |       |       |    36 |   195 |   140 |   132 |    91 |     1 ||   595
       Iron Shot         |       |       |       |       |    43 |   340 |   335 |   373 |    20 ||  1111
       Shatter           |       |       |       |       |       |       |    39 |   133 |     9 ||   181
       Borgnjor's Vile C |       |       |       |       |       |       |       |     9 |       ||     9
Invok: Channel Magic     |       |       |       |     2 |       |     9 |     8 |    13 |     1 ||    33
Evoke: Wand              |       |       |       |       |     7 |     3 |     1 |       |       ||    11
       Phial of floods   |       |       |       |       |     2 |     1 |       |     1 |       ||     4
       Phantom mirror    |       |       |       |       |     1 |       |       |       |       ||     1
       Lightning rod     |       |       |       |       |       |     1 |       |       |       ||     1
  Use: Scroll            |       |       |    16 |    11 |     8 |     8 |     5 |     6 |     1 ||    55
       Potion            |       |       |     1 |     2 |     3 |     6 |     7 |    15 |       ||    34
 Stab: Sleeping          |     1 |     4 |       |       |     2 |       |       |       |       ||     7
       Paralysed         |       |       |       |       |     8 |       |       |       |       ||     8
Armor: Leather armour    |    43 |    40 |    66 |   132 |     1 |       |       |       |       ||   282
       Ring mail         |       |       |       |       |   532 |   105 |   121 |       |       ||   758
       Acid dragon scale |       |       |       |       |       |       |   132 |   308 |    15 ||   455
Dodge: Dodged            |    59 |    65 |    70 |   256 |   437 |    89 |   125 |   125 |     8 ||  1234
Block: Kite shield       |       |       |       |       |       |    14 |    30 |       |       ||    44
       Buckler           |       |       |       |       |       |       |    44 |   103 |    14 ||   161
